 Dungeon Sprint DCSS version 0.28-a0-1236-gb25a51b929 (webtiles) character file.

Game seed: 9872012590132197088

5066253 rocky1 the End of an Era (level 21, 204/204 HPs)
             Began as a Demonspawn Fighter on Dec 24, 2021.
             Was the Champion of Qazlal.
             Escaped with the Orb
             ... and 3 runes on Dec 26, 2021!
             The game lasted 01:27:59 (12651 turns).

rocky1 the End of an Era (Demonspawn Fighter)      Turns: 12651, Time: 01:28:00

Health: 204/204    AC: 45    Str: 37    XL:     21   Next: 13%
Magic:  38/38      EV: 19    Int: 21    God:    Qazlal [******]
Gold:   149        SH: 37    Dex: 13    Spells: 20/20 levels left

rFire   + + +      SeeInvis +   b - +9 double sword (vamp)
rCold   + + .      Faith    .   A - +0 tower shield
rNeg    + . .      Spirit   .   x - +6 gold dragon scales
rPois   +          Reflect  +   (helmet unavailable)
rElec   .          Harm     .   o - +0 cloak "Zuiloh" {-Cast rPois Str+2 Slay+5}
rCorr   .          Rampage  ∞   p - +0 pair of gloves of Card Tricks {rF+ rN+ Str-4}
Will    +++++      NoTele   +   s - +3 pair of seven-league boots {Rampage+∞}
Stlth   .......... NoCast   +   i - amulet "Gigahuju" {Reflect Will++ Regen+ Str+4 SH+5 Stlth-}
HPRegen 2.24/turn               Y - ring of Jouc Joo {rF+ rC+ Int+4 Slay+5 SInv}
MPRegen 0.26/turn               X - ring "Pohoviji" {Will+ Str+9 Int+6}

@: studying Bows, repel missiles
A: antennae 3, molten scales 2, powered by death 3, spiny 2, demonic willpower,
mutation resistance 1
0: Orb of Zot
}: 3/3 runes: silver, golden, iron
a: Renounce Religion, Upheaval, Elemental Force, Disaster Area


You escaped.
You worshipped Qazlal.
Qazlal was exalted by your worship.
You visited 1 branch You collected 149 gold pieces.

Inventory:

Hand Weapons
 a - a +9 demon whip of freezing
 b - a +9 vampiric double sword (weapon)
 c - a +9 eveningstar
 l - the +7 sceptre of Asmodeus
   (You took it off Asmodeus in the Dungeon)

   It can be evoked to summon fiery demons, with success rate depending on
   Evocations skill.
   Those summoned this way will remain friendly only for a limited time.
Armour
 o - the +0 cloak "Zuiloh" (worn) {-Cast rPois Str+2 Slay+5}
   (You found it in the Dungeon)

   Str:       It affects your strength (+2).
   Slay:      It affects your accuracy & damage with ranged weapons and melee
   (+5).
   rPois:     It protects you from poison.
   -Cast:     It prevents spellcasting.
 p - the +0 pair of gloves of Card Tricks (worn) {rF+ rN+ Str-4}
   (You found it in the Dungeon)

   Str:       It affects your strength (-4).
   rF:        It protects you from fire.
   rN:        It protects you from negative energy.
 s - the +3 pair of seven-league boots (worn) {Rampage+∞}
   (You found it in the Dungeon)

   Its wearer moves as far as possible in that direction when moving towards
   enemies.
 u - the +2 cloak "Ipsib" {Str+7}
   (You found it in the Dungeon)

   Str:       It affects your strength (+7).
 x - +6 gold dragon scales (worn)
 A - a +0 tower shield (worn)
Jewellery
 i - the amulet "Gigahuju" (around neck) {Reflect Will++ Regen+ Str+4 SH+5 Stlth-}
   (You found it in the Dungeon)

   [amulet of reflection]

   It reflects blocked missile attacks.
   Str:       It affects your strength (+4).
   Regen:     It increases your rate of health regeneration.
   SH:        It affects your SH (+5).
   Will:      It greatly increases your willpower.
   Stlth:     It makes you less stealthy.
 X - the ring "Pohoviji" (right hand) {Will+ Str+9 Int+6}
   (You found it in the Dungeon)

   [ring of intelligence]

   Str:       It affects your strength (+9).
   Int:       It affects your intelligence (+6).
   Will:      It increases your willpower.
 Y - the ring of Jouc Joo (left hand) {rF+ rC+ Int+4 Slay+5 SInv}
   (You found it in the Dungeon)

   [ring of slaying]

   Int:       It affects your intelligence (+4).
   Slay:      It affects your accuracy & damage with ranged weapons and melee
   (+5).
   rF:        It protects you from fire.
   rC:        It protects you from cold.
   SInv:      It lets you see invisible.
Wands
 J - a wand of flame (20)
 M - a wand of iceblast (11)
 S - a wand of charming (8)
Scrolls
 j - 2 scrolls of blinking
 F - 5 scrolls of fear
 G - 2 scrolls of fog
 I - a scroll of enchant weapon
 P - a scroll of magic mapping
Potions
 d - 7 potions of might
 e - 5 potions of curing
 f - 27 potions of heal wounds
 g - 11 potions of haste
 h - 8 potions of magic
 k - 4 potions of invisibility
 q - 2 potions of resistance
 r - 4 potions of mutation
 t - 2 potions of flight
 z - 2 potions of berserk rage
 E - 3 potions of brilliance
 R - 2 potions of attraction
Miscellaneous
 H - a condenser vane
 N - a phantom mirror
 Q - a box of beasts
 W - a lightning rod (4/4)


   Skills:
 O Level 27 Fighting
 + Level 24.5 Long Blades
 - Level 18.0(23.3) Axes
 + Level 24.4(26.4) Maces & Flails
 + Level 20.5 Throwing
 O Level 27 Armour
 O Level 27 Dodging
 + Level 18.3 Stealth
 O Level 27 Shields
 O Level 27 Invocations
 O Level 27 Evocations


You had 20 spell levels left.
You didn't know any spells.
Your spell library contained the following spells:

 Spells                   Type           Power      Damage    Failure   Level
 Beastly Appendage        Tmut           0%         N/A       56%         1
 Foxfire                  Conj/Fire      0%         2x1d4     56%         1
 Freeze                   Ice            0%         1d3       56%         1
 Magic Dart               Conj           0%         1d3       56%         1
 Pain                     Necr           0%         1d4       56%         1
 Sandblast                Erth           0%         2d4       56%         1
 Slow                     Hex            0%         N/A       56%         1
 Sting                    Tmut/Pois      0%         1d3       56%         1
 Summon Small Mammal      Summ           0%         N/A       56%         1
 Blink                    Tloc           0%         N/A       71%         2
 Passwall                 Tmut/Erth      0%         N/A       71%         2
 Poisonous Vapours        Pois/Air       0%         N/A       71%         2
 Scorch                   Fire           0%         2d5       71%         2
 Searing Ray              Conj           0%         2d4       71%         2
 Sublimation of Blood     Necr           0%         N/A       71%         2
 Wereblood                Tmut           0%         N/A       71%         2
 Call Canine Familiar     Summ           0%         N/A       91%         3
 Confusing Touch          Hex            0%         N/A       91%         3
 Frozen Ramparts          Ice            0%         1d2       91%         3
 Gell's Gravitas          Tloc           0%         N/A       91%         3
 Ignite Poison            Fire/Tmut/Pois 0%         N/A       91%         3
 Lesser Beckoning         Tloc           0%         N/A       91%         3
 Mephitic Cloud           Conj/Pois/Air  0%         N/A       91%         3
 Ozocubu's Armour         Ice            0%         N/A       91%         3
 Spider Form              Tmut/Pois      0%         N/A       91%         3
 Stone Arrow              Conj/Erth      0%         3d7       91%         3
 Summon Guardian Golem    Hex/Summ       0%         N/A       91%         3
 Swiftness                Air            0%         N/A       91%         3
 Teleport Other           Tloc           0%         N/A       91%         3
 Tukima's Dance           Hex            0%         N/A       91%         3
 Vampiric Draining        Necr           0%         2d6       91%         3
 Animate Armour           Summ/Erth      0%         N/A       100%        4
 Cause Fear               Hex            0%         N/A       100%        4
 Flame Wave               Conj/Fire      0%         2d4       100%        4
 Fulminant Prism          Conj/Hex       0%         3d6       100%        4
 Hailstorm                Conj/Ice       0%         3d3       100%        4
 Ice Form                 Ice/Tmut       0%         N/A       100%        4
 Iskenderun's Mystic Bla  Conj/Tloc      0%         2d3       100%        4
 Leda's Liquefaction      Hex/Erth       0%         N/A       100%        4
 Olgreb's Toxic Radiance  Pois           0%         N/A       100%        4
 Passage of Golubria      Tloc           0%         N/A       100%        4
 Petrify                  Tmut/Erth      0%         N/A       100%        4
 Agony                    Necr           0%         N/A       100%        5
 Alistair's Intoxication  Tmut/Pois      0%         N/A       100%        5
 Excruciating Wounds      Necr           0%         N/A       100%        5
 Freezing Cloud           Conj/Ice/Air   0%         6-21      100%        5
 Irradiate                Conj/Tmut      0%         3d13      100%        5
 Iskenderun's Battlesphe  Conj           0%         2d6       100%        5
 Lee's Rapid Deconstruct  Erth           0%         3d5*      100%        5
 Manifold Assault         Tloc           0%         N/A       100%        5
 Metabolic Englaciation   Hex/Ice        0%         N/A       100%        5
 Summon Forest            Summ/Tloc      0%         N/A       100%        5
 Summon Mana Viper        Hex/Summ       0%         N/A       100%        5
 Yara's Violent Unravell  Hex/Tmut       0%         3d3       100%        5
 Iron Shot                Conj/Erth      0%         9d1       100%        6
 Simulacrum               Ice/Necr       0%         N/A       100%        6
 Summon Cactus Giant      Summ           0%         N/A       100%        6
 Dragon Form              Tmut           0%         N/A       100%        7
 Ozocubu's Refrigeration  Ice            0%         4d5       100%        7
 Spellforged Servitor     Conj/Summ      0%         N/A       100%        7
 Storm Form               Tmut/Air       0%         N/A       100%        7
 Ignition                 Fire           0%         3d3       100%        8
 Chain Lightning          Conj/Air       0%         N/A       100%        9
 Dragon's Call            Summ           0%         N/A       100%        9


Dungeon Overview and Level Annotations

Branches:
Dungeon (1/1)

Altars:
Ashenzari
Cheibriados
Dithmenos
Elyvilon
Fedhas
Gozag
Hepliaklqana
Kikubaaqudgha
Makhleb
Nemelex Xobeh
Okawaru
Qazlal
Ru
Sif Muna
Trog
Uskayaw
Vehumet
Wu Jian
Xom
Yredelemnul
Zin
The Shining One
Beogh
Jiyva
Lugonu


Innate Abilities, Weirdness & Mutations

You have a pair of large antennae on your head. (SInv)
You are mostly covered in molten scales. (AC +3)
You regenerate a lot of health from kills.
You are mostly covered in sharp spines.
You punish those that try to bend your will. (Will+)
You are somewhat resistant to further mutation.


Message History

You slice the tormentor like a ripe choko!!!
You kill the tormentor!
Qazlal accepts your kill.
No target in view!
There is a huge open gate to a Minivault (Hard) here.
There is a huge open gate to a Minivault (Hard) here.
There is a huge open gate to a Minivault (Hard) here.
There is a huge open gate to a Minivault (Hard) here.
There is a huge open gate to the Grid Vault (Hard) here.
There is a huge open gate to the Main Hall (Safe) here.
Your protection from fire is fading.
You feel less protected from fire.
You open the huge gate.
You hear a shout!
There is a huge open gate to the Grid Vault (Hard) here.
A neqoxec comes into view.
The neqoxec shouts!
An Executioner comes into view.
There is a huge open gate to the Grid Vault (Hard) here.
You block the neqoxec's attack.
You slice the neqoxec!!
The neqoxec is almost dead.
The Executioner gestures.
The Executioner seems to speed up.
You carve the neqoxec like a ham!!!
You kill the neqoxec!
Qazlal accepts your kill.
You stride towards the Executioner!
You cut the Executioner into ribbons!!!
The Executioner is severely wounded.
You block the Executioner's attack. x2; The Executioner barely misses you.
You block the Executioner's attack. The Executioner completely misses you.
The Executioner misses you.
You slice the Executioner!!
You kill the Executioner!
Qazlal accepts your kill.
No target in view!
There is an open door to the Entrance Hall (Safe) here.
There is a staircase leading out of the dungeon here.
You can't go down here!
You have escaped!

##########.##................''..
#..........()(...............''..
#'#####'#####......#..#......##..
#.#.....#..##................##..
#.#.....#).#####'#####''#########
#.###)###))##.......##''#########
#)#.....#))##.....○.##.))...#...+
#.#.....#[[##..○○...##..).###...#
#)####)##'###.○§@°..##...##.+..÷)
#.#........##...○...##..##..##'##
#.#........##...○.§.##..#..##...#
#)###########.......##..#..#.....
#.......#..###########..'[.'.....
#.###...#)############..#..#.....
#.#.....#)#....#..[.##..#..##...#
#.#...#.#'#....#..[[##..##..##'##
#.....#.#.)....'..))##...##.'...'


There were no monsters in sight!

Vanquished Creatures
  Asmodeus (D)
  Dissolution (D)
  the Royal Jelly (D)
  Gloorx Vloq (D)
  Lom Lobon (D)
  An orb of fire (D)
  Khufu (D)
  6 ancient liches (D)
  Mennas (D)
  2 royal mummies (D)
  2 Killer Klowns (D)
  the Lernaean hydra (D)
  Boris (D)
  Frederick (D)
  Xtahua (D)
  Margery (D)
  5 curse toes (D)
  2 profane servitors (D)
  Jory (D)
  13 golden dragons (D)
  4 bone dragons (D)
  3 pearl dragons (D)
  4 Brimstone Fiends (D)
  7 Ice Fiends (D)
  3 Tzitzimimeh (D)
  2 electric golems (D)
  3 tentacled monstrosities (D)
  A lich (D)
  A pandemonium lord (D)
  6 titans (D)
  5 Hell Sentinels (D)
  6 deep elf blademasters (D)
  3 acid blobs (D)
  26 Orb Guardians (D)
  2 deep elf master archers (D)
  4 Executioners (D)
  A death cob (D)
  8 quicksilver dragons (D)
  2 sphinxes (D)
  Agnes (D)
  2 storm dragons (D)
  11 shadow dragons (D)
  A draconian monk (D)
  3 azure jellies (D)
  6 nagarajas (D)
  6 deep elf sorcerers (D)
  A daeva (D)
  2 rockslimes (D)
  A draconian knight (D)
  6 fire giants (D)
  3 frost giants (D)
  A draconian scorcher (D)
  Louise (D)
  2 balrugs (D)
  3 draconian stormcallers (D)
  A draconian shifter (D)
  8 iron dragons (D)
  2 cacodemons (D)
  5 ghost moths (D)
  3 emperor scorpions (D)
  A draconian annihilator (D)
  A ghoul (D)
  A quicksilver ooze (D)
  3 orc warlords (D)
  2 spriggan defenders (D)
  A demonspawn corrupter (D)
  A stone giant (D)
  A war gargoyle (D)
  2 reapers (D)
  An apis (D)
  A vampire knight (D)
  3 green draconians (D)
  A demonspawn black sun (D)
  2 deep elf demonologists (D)
  An ophan (D)
  2 yellow draconians (D)
  5 dire elephants (D)
  2 lorocyprocas (D)
  3 red draconians (D)
  A black draconian (D)
  2 deep elf annihilators (D)
  2 purple draconians (D)
  4 blizzard demons (D)
  A deep elf death mage (D)
  5 mummy priests (D)
  4 green deaths (D)
  2 eidola (D)
  20 fire dragons (D)
  A merfolk javelineer (D)
  A deep elf high priest (D)
  A great orb of eyes (D)
  Harold (D)
  12 ice dragons (D)
  A yaktaur captain (D)
  16 hydras (D)
  2 naga warriors (D)
  3 vault guards (D)
  2 spriggan air magi (D)
  4 ogre magi (D)
  A merfolk aquamancer (D)
  An alligator snapping turtle (D)
  3 catoblepae (D)
  2 centaur warriors (D)
  3 two-headed ogres (D)
  An anaconda (D)
  2 death knights (D)
  A deep troll shaman (D)
  An alligator (D)
  2 spriggan berserkers (D)
  4 vampire magi (D)
  A spriggan (D)
  2 hell knights (D)
  3 deep elf knights (D)
  A sun demon (D)
  2 cherubim (D)
  5 soul eaters (D)
  4 iron trolls (D)
  A sixfirhy (D)
  3 fire crabs (D)
  2 shadow wraiths (D)
  14 swamp dragons (D)
  2 deep trolls (D)
  A wizard (D)
  3 lindwurms (D)
  11 orc knights (D)
  A bog body (D)
  A deep elf zephyrmancer (D)
  A phantasmal warrior (D)
  2 deep elf pyromancers (D)
  2 necromancers (D)
  2 orc sorcerers (D)
  A cyclops (D)
  A wolf spider (shapeshifter) (D)
  A manticore (D)
  A moth of wrath (D)
  3 ugly things (D)
  2 black mambas (D)
  2 naga magi (D)
  A rust devil (D)
  9 rime drakes (D)
  A gargoyle (D)
  A hellion (D)
  An unseen horror (D)
  An efreet (D)
  3 yaktaurs (D)
  3 tormentors (D)
  7 komodo dragons (D)
  2 guardian mummies (D)
  3 demonic crawlers (D)
  6 merfolk (D)
  A polar bear (D)
  An ice devil (D)
  3 trolls (D)
  A tyrant leech (D)
  A wind drake (D)
  2 jumping spiders (D)
  3 hornets (D)
  A dream sheep (shapeshifter) (D)
  2 air elementals (D)
  A redback (D)
  A flying skull (D)
  A wraith (D)
  2 fire bats (D)
  2 water elementals (D)
  6 yaks (D)
  7 wyverns (D)
  2 basilisks (D)
  3 golden eyes (D)
  A chaos spawn (D)
  3 neqoxecs (D)
  3 steam dragons (D)
  8 vampire mosquitoes (D)
  A warg (D)
  4 hell hounds (D)
  2 large abominations (D)
  3 acid dragons (D)
  An acid dragon (shapeshifter) (D)
  3 floating eyes (D)
  An ice beast (D)
  2 swamp drakes (D)
  2 ogres (D)
  5 orc warriors (D)
  5 necrophages (D)
  A centaur (D)
  A phantom (D)
  A bullfrog (D)
  An earth elemental (D)
  2 jellies (D)
  A crimson imp (D)
  3 orc priests (D)
  2 gnoll shamans (D)
  An iguana (D)
  2 orc wizards (D)
  A hell rat (D)
  A mummy (D)
  2 adders (D)
  8 gnolls (D)
  An ufetubus (D)
  An adder zombie (D)
  An adder skeleton (D)
  A worm (D)
  7 orcs (D)
  A ball python (D)
  An endoplasm (D)
  A giant cockroach (D)
  3 hobgoblins (D)
  2 kobolds (D)
  A ball python simulacrum (D)
  A ball python zombie (D)
  A giant cockroach simulacrum (D)
  A giant cockroach zombie (D)
  A ball lightning (D)
592 creatures vanquished.

Vanquished Creatures (others)
  An Ice Fiend (D)
  An Orb Guardian (D)
  A deep elf master archer (D)
  A shadow dragon (D)
  A ghost moth (D)
  3 ball lightnings (D)
8 creatures vanquished.

Grand Total: 600 creatures vanquished

Notes
Turn   | Place    | Note
-------+----------+-------------------------------------------
     0 | D        | rocky1 the Demonspawn Fighter began the quest for the Orb.
     0 | D        | Reached XP level 1. HP: 18/18 MP: 1/1
    21 | D        | Found a bloodstained altar of Trog.
    21 | D        | Found a shimmering blue altar of Sif Muna.
    21 | D        | Found a viscous altar of Jiyva.
    21 | D        | Found a hazy altar of Hepliaklqana.
    21 | D        | Found an opulent altar of Gozag.
    22 | D        | Found a basalt altar of Yredelemnul.
    22 | D        | Found a shimmering altar of Xom.
    22 | D        | Found an ornate altar of the Wu Jian Council.
    22 | D        | Found a sacrificial altar of Ru.
    22 | D        | Found a stormy altar of Qazlal.
    22 | D        | Found an iron altar of Okawaru.
    22 | D        | Found a sparkling altar of Nemelex Xobeh.
    22 | D        | Found a burning altar of Makhleb.
    22 | D        | Found a blossoming altar of Fedhas.
    22 | D        | Found a shadowy altar of Dithmenos.
    22 | D        | Found a snail-covered altar of Cheibriados.
    25 | D        | Found a corrupted altar of Lugonu.
    25 | D        | Found a radiant altar of Vehumet.
    26 | D        | Found an ancient bone altar of Kikubaaqudgha.
    26 | D        | Found a hide-covered altar of Uskayaw.
    26 | D        | Found a broken altar of Ashenzari.
    29 | D        | Became a worshipper of Qazlal Stormbringer
    74 | D        | Reached skill level 1 in Invocations
   284 | D        | Reached * piety under Qazlal
   300 | D        | Noticed an ogre
   304 | D        | Gained mutation: You are partially covered in sharp spines.
                  | [demonic ancestry]
   304 | D        | Reached XP level 2. HP: 24/24 MP: 4/4
   308 | D        | Reached ** piety under Qazlal
   311 | D        | Killed an ogre
   312 | D        | Reached skill level 5 in Axes
   312 | D        | Reached skill level 5 in Shields
   312 | D        | Reached XP level 3. HP: 29/29 MP: 4/7
   312 | D        | Gained mutation: You are partially covered in molten
                  | scales. (AC +2) [demonic ancestry]
   312 | D        | Reached XP level 4. HP: 35/35 MP: 4/8
   481 | D        | Noticed a necrophage
   501 | D        | Killed a necrophage
   501 | D        | Reached *** piety under Qazlal
   502 | D        | Gained mutation: You have a pair of small antennae on your
                  | head. [demonic ancestry]
   502 | D        | Reached XP level 5. HP: 33/41 MP: 8/11
   690 | D        | Noticed a floating eye
   695 | D        | Paralysed by a floating eye for 2 turns
   698 | D        | Killed a floating eye
   698 | D        | Reached **** piety under Qazlal
   699 | D        | Reached XP level 6. HP: 48/48 MP: 12/12
   722 | D        | Noticed a fire bat
   724 | D        | Killed a fire bat
   725 | D        | Reached skill level 10 in Invocations
   871 | D        | Noticed a hornet
   880 | D        | Paralysed by a hornet for 1 turns
   881 | D        | Killed a hornet
   882 | D        | Reached XP level 7. HP: 25/53 MP: 13/15
  1225 | D        | Noticed a flying skull
  1235 | D        | Killed a flying skull
  1235 | D        | Reached ***** piety under Qazlal
  1246 | D        | Reached XP level 8. HP: 60/60 MP: 15/17
  1317 | D        | Got the +2 scimitar "Suwuhiur" {spect, +Blink Str+6 Int+3}
  1383 | D        | Noticed a jumping spider
  1386 | D        | Killed an unseen horror
  1390 | D        | Killed a jumping spider
  1391 | D        | Reached skill level 5 in Fighting
  1391 | D        | Reached skill level 10 in Axes
  1509 | D        | Noticed a demonic crawler
  1514 | D        | Noticed a deep elf pyromancer
  1515 | D        | Killed a demonic crawler
  1519 | D        | Killed a deep elf pyromancer
  1520 | D        | Reached skill level 5 in Armour
  1520 | D        | Gained mutation: You regenerate a little health from kills.
                  | [demonic ancestry]
  1520 | D        | Reached XP level 9. HP: 69/69 MP: 19/19
  1532 | D        | Gained mutation: Your body sometimes deteriorates upon
                  | taking damage. [a neqoxec]
  1533 | D        | Gained mutation: Your spells are a little easier to cast,
                  | but a little less powerful. [a neqoxec]
  1533 | D        | Gained mutation: Armour fits poorly on your strangely
                  | shaped body. [a neqoxec]
  1545 | D        | Lost mutation: Your body sometimes deteriorates upon taking
                  | damage. [potion of mutation]
  1545 | D        | Gained mutation: Your muscles are strong. (Str +2) [potion
                  | of mutation]
  1545 | D        | Gained mutation: You have sharp fingernails. [potion of
                  | mutation]
  1546 | D        | Lost mutation: Armour fits poorly on your strangely shaped
                  | body. [potion of mutation]
  1546 | D        | Lost mutation: Your spells are a little easier to cast, but
                  | a little less powerful. [potion of mutation]
  1546 | D        | Lost mutation: Your muscles are strong. (Str +2) [potion of
                  | mutation]
  1557 | D        | Noticed a demonic crawler
  1558 | D        | Noticed a deep elf pyromancer
  1560 | D        | Killed a demonic crawler
  1561 | D        | Reached skill level 5 in Dodging
  1561 | D        | Reached skill level 10 in Shields
  1561 | D        | Killed a deep elf pyromancer
  1676 | D        | Reached ****** piety under Qazlal
  1677 | D        | Reached skill level 15 in Invocations
  1688 | D        | Gained mutation: You have a pair of antennae on your head.
                  | [demonic ancestry]
  1688 | D        | Reached XP level 10. HP: 54/79 MP: 21/21
  1727 | D        | Noticed a sixfirhy
  1727 | D        | Noticed an orc knight
  1727 | D        | Noticed an orc knight
  1727 | D        | Noticed an orc knight
  1729 | D        | Noticed an orc warlord
  1729 | D        | Noticed an orc knight
  1730 | D        | Noticed an orc warlord
  1730 | D        | Killed a sixfirhy
  1730 | D        | Killed an orc knight
  1730 | D        | Killed an orc warlord
  1730 | D        | Killed an orc knight
  1730 | D        | Killed an orc knight
  1730 | D        | Killed an orc knight
  1731 | D        | Killed an orc warlord
  1731 | D        | Noticed a white ugly thing
  1731 | D        | Noticed an orc knight
  1731 | D        | Noticed an orc knight
  1732 | D        | Reached XP level 11. HP: 89/89 MP: 10/23
  1732 | D        | Noticed an orc knight
  1732 | D        | Noticed a deep elf knight
  1733 | D        | Killed an orc knight
  1733 | D        | Killed a deep elf knight
  1733 | D        | Killed a white ugly thing
  1733 | D        | Killed an orc knight
  1733 | D        | Killed an orc knight
  1734 | D        | Reached skill level 10 in Fighting
  1744 | D        | Noticed a yaktaur captain
  1748 | D        | Killed an orc knight
  1809 | D        | Killed a yaktaur captain
  1989 | D        | Noticed a vault guard
  1996 | D        | Noticed a naga warrior
  2001 | D        | Killed a vault guard
  2002 | D        | Reached skill level 10 in Armour
  2009 | D        | Killed a naga warrior
  2047 | D        | Noticed a deep elf annihilator
  2051 | D        | Killed a deep elf annihilator
  2247 | D        | Noticed a deep elf knight
  2252 | D        | Noticed a deep elf knight
  2258 | D        | Killed a deep elf knight
  2258 | D        | Noticed a vault guard
  2259 | D        | Reached skill level 10 in Dodging
  2259 | D        | Killed a deep elf knight
  2272 | D        | Killed a vault guard
  2273 | D        | Gained mutation: You are mostly covered in molten scales.
                  | (AC +3) [demonic ancestry]
  2273 | D        | Reached XP level 12. HP: 67/101 MP: 25/25
  2281 | D        | Noticed a vault guard
  2287 | D        | Noticed a deep elf death mage
  2290 | D        | Killed a deep elf death mage
  2293 | D        | Killed a vault guard
  2648 | D        | Noticed a naga warrior
  2677 | D        | Killed a naga warrior
  2704 | D        | Got the +1 pair of gloves "Miepujoc" {-Cast rElec rPois
                  | SInv}
  3360 | D        | Noticed an alligator
  3369 | D        | Killed an alligator
  3565 | D        | Noticed Harold
  3577 | D        | Killed Harold
  3699 | D        | Reached skill level 15 in Axes
  3700 | D        | Noticed a daeva
  3702 | D        | Killed a daeva
  3703 | D        | Gained mutation: You regenerate health from kills. [demonic
                  | ancestry]
  3703 | D        | Reached XP level 13. HP: 109/109 MP: 9/27
  3706 | D        | Paralysed by an orc sorcerer for 2 turns
  3792 | D        | Got the Incunabulum of Stones
  3805 | D        | Got the +10 war axe of Piggewe {chaos, Will+}
  3912 | D        | Noticed an angel
  3912 | D        | Noticed a mummy priest
  3912 | D        | Noticed a frost giant
  3912 | D        | Noticed a nagaraja
  3913 | D        | Killed a nagaraja
  3913 | D        | Killed a frost giant
  3913 | D        | Killed a mummy priest
  3928 | D        | Banished an angel
  3980 | D        | Noticed a green draconian
  3980 | D        | Noticed an eidolon
  3998 | D        | Noticed an emperor scorpion
  3999 | D        | Reached skill level 1 in Evocations
  4002 | D        | Killed an eidolon
  4016 | D        | Killed an emperor scorpion
  4025 | D        | Killed a green draconian
  4031 | D        | Noticed a fire giant
  4039 | D        | Killed a fire giant
  4064 | D        | Identified the +11 falchion "Hyileo" {vorpal, rN+ Dex+4}
  4233 | D        | Noticed a profane servitor
  4236 | D        | Noticed a yellow draconian annihilator
  4244 | D        | Killed a profane servitor
  4245 | D        | Reached skill level 5 in Evocations
  4246 | D        | Noticed a jiangshi
  4248 | D        | Reached skill level 15 in Shields
  4249 | D        | Noticed a green draconian
  4259 | D        | Reached XP level 14. HP: 99/120 MP: 13/29
  4270 | D        | Killed a yellow draconian annihilator
  4370 | D        | Noticed a black draconian knight
  4373 | D        | Noticed a green draconian monk
  4385 | D        | Killed a black draconian knight
  4385 | D        | Killed a green draconian monk
  4636 | D        | Noticed a deep elf sorcerer
  4637 | D        | Noticed a fire giant
  4638 | D        | Noticed a spriggan defender
  4643 | D        | Noticed a deep elf sorcerer
  4644 | D        | Killed a spriggan defender
  4644 | D        | Killed a deep elf sorcerer
  4644 | D        | Killed a fire giant
  4644 | D        | Killed a deep elf sorcerer
  4645 | D        | Reached skill level 15 in Fighting
  4645 | D        | Noticed a sphinx
  4646 | D        | Noticed a bone dragon
  4654 | D        | Noticed a nagaraja
  4660 | D        | Killed a sphinx
  4660 | D        | Killed a nagaraja
  4665 | D        | Killed a bone dragon
  4793 | D        | Got the Handbook of Transformation
  4987 | D        | Got the ring "Futrig" {Fire rPois rN+ Dex+4}
  4989 | D        | Got the amulet "Ufuhoc" {Faith Fly rElec rPois Str+4 Int+3}
  4991 | D        | Got the amulet "Gigahuju" {Reflect Will++ Regen+ Str+4 SH+5
                  | Stlth-}
  4993 | D        | Got the ring "Ceexegh" {Contam rN+++ rCorr Int-5 Slay+5}
  4995 | D        | Got the amulet of Vehumet's Anger {Faith Dex+3}
  4997 | D        | Got the amulet of Tieje {Faith +Blink rN+ Will+++ Dex-5}
  4999 | D        | Got the amulet of Omnoarui {Faith rElec rF+ MP+9 Int+3}
  5002 | D        | Got the ring "Vemul" {*Slow rElec Str+4 Int+6}
  5005 | D        | Got the amulet "Idag" {Reflect rN+ Will- Regen+ Slay+2
                  | SH+5}
  5007 | D        | Got the amulet "Fyukas" {Spirit Fragile rElec rN+ Str+4}
  5010 | D        | Got the ring "Pohoviji" {Will+ Str+9 Int+6}
  5012 | D        | Got the ring of Jouc Joo {rF+ rC+ Int+4 Slay+5 SInv}
  5014 | D        | Got the amulet "Cecwean" {Faith MP+9}
  5024 | D        | Got the amulet of Nobility {Faith rElec Dex+2}
  5058 | D        | Got the ring of the Snail {Fire *Slow Str+3 Int+6 Dex+3}
  5062 | D        | Got the ring "Saffer" {rF+ Will+}
  5064 | D        | Got the ring of the Cockroach {Wiz rF++ Str-4 Int+3}
  5066 | D        | Got the ring "Yfutyugi" {AC+6 Int+6}
  5068 | D        | Got the ring of Anarchy {rPois Str+4}
  5071 | D        | Got the ring "Toedulau" {EV+6 Str+2 Dex+4}
  5073 | D        | Got the ring "Goroyc" {Fire Int+4 Stlth+}
  5075 | D        | Got the ring "Tesky" {rF+ Str+6 Int-5}
  5077 | D        | Got the ring of Aptic {rF+ rCorr Int-5 Dex+3}
  5079 | D        | Got the ring "Nuleas" {rPois Dex+6}
  5104 | D        | Got the ring "Wesueq" {rF+ rN+ Will- AC+6 Int+2}
  5106 | D        | Got the ring of Gaanu {Fire Drain rElec Will+}
  5109 | D        | Got the ring "Dablil" {rN+ Str+4}
  5317 | D        | Noticed a nagaraja
  5320 | D        | Noticed a ghost moth
  5327 | D        | Reached skill level 1 in Long Blades
  5327 | D        | Killed a nagaraja
  5327 | D        | Killed a ghost moth
  5334 | D        | Noticed an emperor scorpion
  5344 | D        | Reached skill level 10 in Evocations
  5348 | D        | Noticed a curse toe
  5350 | D        | Killed an emperor scorpion
  5356 | D        | Noticed a vampire knight
  5357 | D        | Killed a curse toe
  5358 | D        | Reached skill level 15 in Armour
  5358 | D        | Gained mutation: You regenerate a lot of health from kills.
                  | [demonic ancestry]
  5358 | D        | Reached XP level 15. HP: 79/134 MP: 16/31
  5378 | D        | Reached skill level 5 in Long Blades
  5380 | D        | Reached skill level 15 in Dodging
  5380 | D        | Noticed a deep elf sorcerer
  5385 | D        | Killed a deep elf sorcerer
  5390 | D        | Noticed a death cob
  5397 | D        | Killed a death cob
  5412 | D        | Noticed Agnes
  5415 | D        | Noticed a deep elf blademaster
  5421 | D        | Killed Agnes
  5425 | D        | Noticed a deep elf blademaster
  5429 | D        | Killed a deep elf blademaster
  5430 | D        | Killed a deep elf blademaster
  5445 | D        | Noticed a frost giant
  5454 | D        | Killed a frost giant
  5478 | D        | Noticed a bone dragon
  5480 | D        | Noticed a nagaraja
  5487 | D        | Killed a bone dragon
  5491 | D        | Killed a bone dragon
  5492 | D        | Reached skill level 27 in Invocations
  5495 | D        | Killed a nagaraja
  5511 | D        | Noticed a shadow dragon
  5525 | D        | Killed a shadow dragon
  5608 | D        | Got the +0 cloak "Zuiloh" {-Cast rPois Str+2 Slay+5}
  5623 | D        | Got the +0 pair of gloves of Card Tricks {rF+ rN+ Str-4}
  5682 | D        | Found the ring of the Tortoise {AC+8}
  5682 | D        | Noticed a golden dragon
  5693 | D        | Killed a golden dragon
  5694 | D        | Reached skill level 10 in Long Blades
  5694 | D        | Gained mutation: You have a pair of large antennae on your
                  | head. (SInv) [demonic ancestry]
  5694 | D        | Reached XP level 16. HP: 118/150 MP: 24/33
  5697 | D        | Reached skill level 15 in Evocations
  5843 | D        | Got the Almanac of Harmful Venom
  5879 | D        | Got the ring "Geiteetutt" {Fly Str+4}
  5920 | D        | Got a silver rune of Zot
  5935 | D        | Got the ring "Yxkithro" {Contam +Blink MP+9 Int+7 Stlth-}
  6068 | D        | Noticed an Executioner
  6069 | D        | Noticed a pearl dragon
  6069 | D        | Killed a pearl dragon
  6070 | D        | Noticed a curse toe
  6075 | D        | Killed an Executioner
  6075 | D        | Killed a curse toe
  6075 | D        | Killed Louise
  6101 | D        | Noticed a tentacled monstrosity
  6101 | D        | Noticed a tentacled monstrosity
  6103 | D        | Noticed a bone dragon
  6107 | D        | Noticed a curse toe
  6108 | D        | Noticed a lich
  6109 | D        | Killed a lich
  6109 | D        | Killed a curse toe
  6109 | D        | Killed a tentacled monstrosity
  6109 | D        | Killed a tentacled monstrosity
  6114 | D        | Killed a bone dragon
  6163 | D        | Got the ring "Ywucloa" {Wiz rF+ Int+7 SInv Stlth+}
  6165 | D        | Got the amulet of Democracy {RegenMP Str+3}
  6167 | D        | Got the ring of Pouf {Int+6 Dex+4}
  6169 | D        | Got the ring "Pegemi" {rF+ rC++}
  6171 | D        | Got the ring "Caxauxt" {rF+ rCorr EV+4}
  6173 | D        | Got the ring "Kegugos" {Fire Fly Will++ Str+8 Dex-5}
  6175 | D        | Got the amulet "Uxtueheu" {Reflect rPois rF- Str+3 SH+5}
  6177 | D        | Got the amulet of Ybioff {Faith Str+3}
  6261 | D        | Noticed an Executioner
  6269 | D        | Reached skill level 1 in Maces & Flails
  6273 | D        | Killed an Executioner
  6274 | D        | Reached XP level 17. HP: 162/162 MP: 27/34
  6913 | D        | Noticed an Ice Fiend
  6919 | D        | Killed an Ice Fiend
  6938 | D        | Killed an Ice Fiend
  7092 | D        | Noticed a royal mummy
  7105 | D        | Killed a royal mummy
  7106 | D        | Reached skill level 5 in Maces & Flails
  7108 | D        | Noticed Khufu
  7122 | D        | Killed Khufu
  7123 | D        | Reached skill level 15 in Long Blades
  7848 | D        | Noticed an acid blob
  7848 | D        | Noticed a Brimstone Fiend
  7848 | D        | Noticed an Ice Fiend
  7851 | D        | Killed an acid blob
  7852 | D        | Killed a Brimstone Fiend
  7853 | D        | Killed an Ice Fiend
  8124 | D        | Noticed a titan
  8128 | D        | Killed a titan
  8138 | D        | Noticed a Tzitzimitl
  8149 | D        | Killed a Tzitzimitl
  8318 | D        | Noticed a titan
  8323 | D        | Killed a titan
  8326 | D        | Noticed an Ice Fiend
  8331 | D        | Killed an Ice Fiend
  8753 | D        | Noticed a golden dragon
  8753 | D        | Noticed a quicksilver dragon
  8753 | D        | Noticed a quicksilver dragon
  8753 | D        | Noticed a golden dragon
  8753 | D        | Noticed a golden dragon
  8753 | D        | Noticed a quicksilver dragon
  8753 | D        | Noticed a golden dragon
  8753 | D        | Noticed a golden dragon
  8753 | D        | Noticed a golden dragon
  8754 | D        | Noticed a quicksilver dragon
  8755 | D        | Noticed a quicksilver dragon
  8755 | D        | Noticed a golden dragon
  8755 | D        | Noticed a golden dragon
  8755 | D        | Noticed a golden dragon
  8756 | D        | Killed a golden dragon
  8756 | D        | Killed a quicksilver dragon
  8756 | D        | Killed a golden dragon
  8756 | D        | Killed a quicksilver dragon
  8756 | D        | Killed a golden dragon
  8756 | D        | Killed a quicksilver dragon
  8756 | D        | Killed a golden dragon
  8756 | D        | Killed a quicksilver dragon
  8756 | D        | Killed a golden dragon
  8756 | D        | Killed a golden dragon
  8756 | D        | Killed a golden dragon
  8756 | D        | Killed a quicksilver dragon
  8757 | D        | Reached XP level 18. HP: 179/179 MP: 26/35
  8757 | D        | Noticed a golden dragon
  8759 | D        | Killed a golden dragon
  8759 | D        | Killed a golden dragon
  8762 | D        | Noticed a golden dragon
  8767 | D        | Killed a golden dragon
  8769 | D        | Killed a golden dragon
  9076 | D        | Got a golden rune of Zot
  9169 | D        | Noticed Margery
  9185 | D        | Killed Margery
  9186 | D        | Reached skill level 15 in Maces & Flails
  9296 | D        | Noticed a golden dragon
  9301 | D        | Killed a golden dragon
  9484 | D        | Noticed a Hell Sentinel
  9494 | D        | Killed a Hell Sentinel
  9495 | D        | Reached skill level 27 in Fighting
  9623 | D        | Noticed Dissolution
  9633 | D        | Killed Dissolution
  9745 | D        | Noticed a pearl dragon
  9748 | D        | Killed a pearl dragon
  9752 | D        | Noticed a curse toe
  9762 | D        | Killed a curse toe
  9763 | D        | Gained mutation: You punish those that try to bend your
                  | will. (Will+) [demonic ancestry]
  9763 | D        | Reached XP level 19. HP: 185/189 MP: 36/36
  9974 | D        | Noticed a profane servitor
  9988 | D        | Killed a profane servitor
 10015 | D        | Noticed an electric golem
 10024 | D        | Killed an electric golem
 10192 | D        | Noticed a Brimstone Fiend
 10199 | D        | Killed a Brimstone Fiend
 10588 | D        | Noticed a Tzitzimitl
 10598 | D        | Killed a Tzitzimitl
 10600 | D        | Noticed an orb of fire
 10621 | D        | Killed an orb of fire
 10624 | D        | Noticed a Brimstone Fiend
 10630 | D        | Killed a Brimstone Fiend
 10648 | D        | Noticed a Tzitzimitl
 10654 | D        | Killed a Tzitzimitl
 10656 | D        | Noticed an ancient lich
 10662 | D        | Killed an ancient lich
 11067 | D        | Noticed a pearl dragon
 11075 | D        | Killed a pearl dragon
 11084 | D        | Noticed Mennas
 11110 | D        | Killed Mennas
 11111 | D        | Reached skill level 27 in Shields
 11176 | D        | Noticed an ancient lich
 11182 | D        | Killed an ancient lich
 11198 | D        | Noticed Ciluipp the pandemonium lord
 11215 | D        | Killed Ciluipp the pandemonium lord
 11222 | D        | Reached skill level 5 in Throwing
 11237 | D        | Gained mutation: Your body sometimes deteriorates upon
                  | taking damage. [a cacodemon]
 11253 | D        | Found the +3 pair of seven-league boots {Rampage+∞}
 11265 | D        | Upgraded the game from 0.28-a0-1234-g826d19b2e0 to
                  | 0.28-a0-1236-gb25a51b929
 11267 | D        | Got the ring "Xexed" {rF+ rC+ Str+5}
 11273 | D        | Got the ring "Ruonwaap" {rF+ rC+ Str-5 SInv}
 11275 | D        | Got the ring of Azxellod {Str+2 Int+4 Dex+6 Slay-4 SInv}
 11278 | D        | Got the ring "Vyfauliph" {Wiz Str+2 Dex+2}
 11295 | D        | Got the +2 cloak "Ipsib" {Str+7}
 11298 | D        | Got an iron rune of Zot
 11300 | D        | Got the ring of Qaerch {Ice rN++ Str+7 Slay-3}
 11305 | D        | Got the amulet of Lust {Acrobat Rampage rN+ Will- rCorr}
 11308 | D        | Got the ring of Patience {Drain rPois Int+2 Dex+6}
 11310 | D        | Got the amulet "Kagum" {Acrobat *Corrode +Inv rElec Str+7
                  | Int-2}
 11312 | D        | Got the ring of the Jester {rCorr SInv}
 11314 | D        | Got the ring "Ymod" {Str+6 Dex+2}
 11316 | D        | Got the ring of Cirid {rF- AC+4 Str+6}
 11524 | D        | Noticed the 27-headed Lernaean hydra
 11524 | D        | Noticed Jory
 11524 | D        | Noticed a Killer Klown
 11524 | D        | Noticed Frederick
 11528 | D        | Killed a Killer Klown
 11528 | D        | Killed the 27-headed Lernaean hydra
 11542 | D        | Killed Jory
 11543 | D        | Killed Frederick
 11551 | D        | Reached skill level 27 in Armour
 11551 | D        | Reached skill level 27 in Evocations
 11600 | D        | Reached skill level 27 in Dodging
 11603 | D        | Noticed a Killer Klown
 11611 | D        | Noticed Xtahua
 11626 | D        | Killed Xtahua
 11627 | D        | Reached skill level 10 in Throwing
 11640 | D        | Noticed Lom Lobon
 11650 | D        | Killed a Killer Klown
 11655 | D        | Noticed a Brimstone Fiend
 11657 | D        | HP: 3/189 [Lom Lobon/great icy blast (15)]
 11672 | D        | Killed Lom Lobon
 11673 | D        | Reached XP level 20. HP: 71/197 MP: 11/37
 11881 | D        | Lost mutation: Your body sometimes deteriorates upon taking
                  | damage. [potion of mutation]
 11881 | D        | Lost mutation: You have sharp fingernails. [potion of
                  | mutation]
 11881 | D        | Gained mutation: You occasionally shout uncontrollably at
                  | your foes. [potion of mutation]
 11881 | D        | Gained mutation: Your mind is acute. (Int +2) [potion of
                  | mutation]
 11882 | D        | Lost mutation: Your mind is acute. (Int +2) [potion of
                  | mutation]
 11882 | D        | Lost mutation: You occasionally shout uncontrollably at
                  | your foes. [potion of mutation]
 11882 | D        | Gained mutation: Potions are less effective at restoring
                  | your health. [potion of mutation]
 11882 | D        | Gained mutation: You are somewhat resistant to further
                  | mutation. [potion of mutation]
 11883 | D        | Lost mutation: Potions are less effective at restoring your
                  | health. [potion of mutation]
 11926 | D        | Noticed a royal mummy
 11927 | D        | Noticed Gloorx Vloq
 11928 | D        | Killed a royal mummy
 11934 | D        | Noticed an ancient lich
 11934 | D        | Killed an ancient lich
 11938 | D        | Killed Gloorx Vloq
 11939 | D        | Reached skill level 15 in Throwing
 11949 | D        | Reached skill level 10 in Stealth
 12120 | D        | Noticed an ancient lich
 12137 | D        | Killed an ancient lich
 12175 | D        | Noticed Boris
 12177 | D        | Noticed an ancient lich
 12178 | D        | Noticed the Royal Jelly
 12179 | D        | Killed the Royal Jelly
 12179 | D        | Killed an ancient lich
 12180 | D        | Reached skill level 15 in Stealth
 12181 | D        | Killed Boris
 12182 | D        | Found the +7 sceptre of Asmodeus
 12182 | D        | Noticed Asmodeus
 12183 | D        | Noticed a curse toe
 12184 | D        | Killed a curse toe
 12188 | D        | Noticed an ancient lich
 12200 | D        | Killed Asmodeus
 12203 | D        | Killed an ancient lich
 12208 | D        | Gained mutation: You are mostly covered in sharp spines.
                  | [demonic ancestry]
 12208 | D        | Reached XP level 21. HP: 200/204 MP: 5/38
 12431 | D        | Got the Orb of Zot
 12651 | D        | Escaped with the Orb!

Illustrated notes

Levels and vault maps discovered:
D:        pitsprint [storerooms_1, entrance_room_1, metal_vault_6, armoury_1,
          mini_pit_1, grid_room_1, main_hall_1, silver_pit, the_coven_1,
          the_vestibule_1, steel_vault_5, golden_pit, hallway_of_sentries,
          crystal_vault_2, iron_vault_3, final_vault]

Skill      XL: |  1  2  3  4  5  6  7  8  9 10 11 12 13 14 15 16 17 18 19 20 21 |
---------------+----------------------------------------------------------------+-----
Axes           | 2 5 6 8 9 10 11 12 13 15 17 18 | 18.0
Shields        | 3 5 6 7 8 9 10 11 13 14 15 16 19 20 23 25 27 | 27.0
Invocations    | 2 6 8 9 11 13 14 15 16 18 21 23 25 27 | 27.0
Armour         | 3 5 7 8 10 11 13 15 17 19 22 24 27 | 27.0
Dodging        | 2 4 6 8 10 11 12 14 17 19 22 24 27 | 27.0
Fighting       | 5 7 9 11 12 14 17 20 22 25 27 | 27.0
Evocations     | 6 10 14 17 21 23 27 | 27.0
Long Blades    | 4 10 14 16 18 23 24 | 24.5
Maces & Flails | 2 13 15 18 23 24 | 24.4
Throwing       | 12 19 20 | 20.5
Stealth        | 17 18 | 18.3

Action                   |  1- 3 |  4- 6 |  7- 9 | 10-12 | 13-15 | 16-18 | 19-21 || total
-------------------------+-------+-------+-------+-------+-------+-------+-------++-------
Melee: War axe           |    30 |     1 |       |       |   331 |   145 |       ||   507
       Hand axe          |       |    47 |    20 |       |       |       |       ||    67
       Broad axe         |       |       |    34 |   183 |     7 |       |       ||   224
       Demon whip        |       |       |       |       |       |    69 |   238 ||   307
       Double sword      |       |       |       |       |       |       |   201 ||   201
Throw: Throwing net      |       |       |       |       |       |       |     1 ||     1
Invok: Upheaval          |       |     2 |     7 |     2 |     5 |     6 |     3 ||    25
       Disaster Area     |       |       |       |     6 |     8 |     8 |    11 ||    33
Evoke: Wand              |       |       |       |       |     1 |       |       ||     1
  Use: Potion            |     1 |       |     4 |       |     2 |     1 |    19 ||    27
       Scroll            |       |       |       |       |     3 |     2 |     5 ||    10
 Stab: Confused          |       |       |       |       |     3 |       |       ||     3
       Paralysed         |       |       |       |       |     2 |       |       ||     2
       Held in net/web   |       |       |       |       |       |       |     2 ||     2
Armor: Scale mail        |    17 |       |       |       |       |       |       ||    17
       Chain mail        |       |     8 |     6 |       |       |       |       ||    14
       Plate armour      |       |       |    16 |    68 |    77 |       |       ||   161
       Gold dragon scale |       |       |       |       |    49 |    69 |   117 ||   235
Dodge: Dodged            |    11 |     9 |    13 |    48 |    86 |    62 |    88 ||   317
       Repelled          |       |       |       |     2 |     5 |     2 |     6 ||    15
Block: Buckler           |     7 |    15 |    24 |   127 |   250 |     1 |       ||   424
       Reflection        |       |       |       |       |     9 |     4 |     9 ||    22
       Tower shield      |       |       |       |       |       |   244 |   464 ||   708

Table legend: (Time is in decaauts) A = Elapsed time spent in this place. B = Non-inter-level travel time spent in this place. C = Inter-level travel time spent in this place. D = Time resting spent in this place. E = Time spent auto-exploring this place. F = Levels seen in this place. G = Mean time per level. A B C D E F G +--------+--------+--------+--------+--------+-----+--------+ Total | 12339 | 11975 | 364 | 7344 | 0 | 1 | 12339.0 | Dungeon | 12339 | 11975 | 364 | 7344 | 0 | 1 | 12339.0 | +--------+--------+--------+--------+--------+-----+--------+

Top non-repeatable levels by time:
       D: 12339 daAuts
